Workbook

Sheet 1月
A1: 加盟店数値管理表
B3: 〇〇店
D6: 2026年
B7: 月 | C7: 45992 | D7: 1月 | E7: 前月比
B8: 総粗利額 | E8: =D8/C8 -> #DIV/0! | G8: 経費合計 | H8: =SUM(H9+H12+H13+H14+H15) -> 0
B9: 粗利率 | C9: =C8/C13 -> #DIV/0! | D9: =D8/D13 -> #DIV/0! | E9: =D9/C9 -> #DIV/0! | G9: 広告宣伝費
B10: 達成率 | C10: =C8/C11 -> #DIV/0! | D10: =D8/D11 -> #DIV/0! | E10: =D10/C10 -> #DIV/0! | G10: CPA | H10: =H9/D14 -> #DIV/0!
B11: 目標金額 | E11: － | G11: 折込部数
B12: 買取金額 | E12: =D12/C12 -> #DIV/0! | G12: 家賃
B13: 販売金額(売上) | C13: =C12+C8 -> 0 | D13: =D12+D8 -> 0 | E13: =D13/C13 -> #DIV/0! | G13: 人件費
B14: 総来店数 | E14: =D14/C14 -> #DIV/0! | G14: ロイヤリティ
B15: 成立数 | E15: =D15/C15 -> #DIV/0! | G15: 雑費(光熱費等)
B16: 成約率 | C16: =C15/C14 -> #DIV/0! | D16: =D15/D14 -> #DIV/0! | E16: =D16/C16 -> #DIV/0! | G16: 営業利益 | H16: =D8-H8 -> 0
B17: 粗利単価 | C17: =C8/C15 -> #DIV/0! | D17: =D8/D15 -> #DIV/0! | E17: =D17/C17 -> #DIV/0! | G17: 手残り目標
G18: 差額 | H18: =H16-H17 -> 0
B19: 来店動機 | C19: 成約人数(12月) | D19: 成約人数(1月) | E19: 前月比
B20: 折込チラシ | E20: =D20/C20 -> #DIV/0!
B21: ポスティング | E21: =D21/C21 -> #DIV/0!
B22: 新聞広告 | E22: =D22/C22 -> #DIV/0!
B23: HP(PC) | E23: =D23/C23 -> #DIV/0!
B24: HP(携帯) | E24: =D24/C24 -> #DIV/0!
B25: リピーター | E25: =D25/C25 -> #DIV/0!
B26: 看板(店頭) | E26: =D26/C26 -> #DIV/0!
B27: 看板(駅前等) | E27: =D27/C27 -> #DIV/0!
B28: ティッシュ | E28: =D28/C28 -> #DIV/0!
B29: 紹介 | E29: =D29/C29 -> #DIV/0!
B30: テレビ(CM) | E30: =D30/C30 -> #DIV/0!
B31: その他 | E31: =D31/C31 -> #DIV/0!
B32: 合計 | C32: =C20+C21+C22+C23+C24+C25+C26+C27+C28+C29+C30+C31 -> 0 | D32: =D20+D21+D22+D23+D24+D25+D26+D27+D28+D29+D30+D31 -> 0 | E32: =E20+E21+E22+E23+E24+E25+E26+E27+E28+E29+E30+E31 -> #DIV/0!
B34: 課題・改善案
B44: ピンク色のセルに数字のみ入力お願い致します。
B45: ※ピンク色のセル以外に入力すると計算式が壊れます※

Sheet 2月
A1: 加盟店数値管理表
B3: ='1月'!B3:E4 -> 〇〇店
B6: 2026年
B7: 月 | C7: 1月 | D7: 2月 | E7: 前月比
B8: 総粗利額 | C8: ='1月'!D8 -> 0 | E8: =D8/C8 -> #DIV/0! | G8: 経費合計 | H8: =SUM(H9+H12+H13+H14+H15) -> 0
B9: 粗利率 | C9: =C8/C13 -> #DIV/0! | D9: =D8/D13 -> #DIV/0! | E9: =D9/C9 -> #DIV/0! | G9: 広告宣伝費
B10: 達成率 | C10: =C8/C11 -> #DIV/0! | D10: =D8/D11 -> #DIV/0! | E10: =D10/C10 -> #DIV/0! | G10: CPA | H10: =H9/D14 -> #DIV/0!
B11: 目標金額 | C11: ='1月'!D11 -> 0 | E11: － | G11: 折込部数
B12: 買取金額 | C12: ='1月'!D12 -> 0 | E12: =D12/C12 -> #DIV/0! | G12: 家賃
B13: 販売金額(売上) | C13: =C12+C8 -> 0 | D13: =D12+D8 -> 0 | E13: =D13/C13 -> #DIV/0! | G13: 人件費
B14: 総来店数 | C14: ='1月'!D14 -> 0 | E14: =D14/C14 -> #DIV/0! | G14: ロイヤリティ
B15: 成立数 | C15: ='1月'!D15 -> 0 | E15: =D15/C15 -> #DIV/0! | G15: 雑費(光熱費等)
B16: 成約率 | C16: =C15/C14 -> #DIV/0! | D16: =D15/D14 -> #DIV/0! | E16: =D16/C16 -> #DIV/0! | G16: 営業利益 | H16: =D8-H8 -> 0
B17: 粗利単価 | C17: =C8/C15 -> #DIV/0! | D17: =D8/D15 -> #DIV/0! | E17: =D17/C17 -> #DIV/0! | G17: 手残り目標
G18: 差額 | H18: =H16-H17 -> 0
B19: 来店動機 | C19: 成約人数(1月) | D19: 成約人数(2月) | E19: 前月比
B20: 折込チラシ | C20: ='1月'!D20 -> 0 | E20: =D20/C20 -> #DIV/0!
B21: ポスティング | C21: ='1月'!D21 -> 0 | E21: =D21/C21 -> #DIV/0!
B22: 新聞広告 | C22: ='1月'!D22 -> 0 | E22: =D22/C22 -> #DIV/0!
B23: HP(PC) | C23: ='1月'!D23 -> 0 | E23: =D23/C23 -> #DIV/0!
B24: HP(携帯) | C24: ='1月'!D24 -> 0 | E24: =D24/C24 -> #DIV/0!
B25: リピーター | C25: ='1月'!D25 -> 0 | E25: =D25/C25 -> #DIV/0!
B26: 看板(店頭) | C26: ='1月'!D26 -> 0 | E26: =D26/C26 -> #DIV/0!
B27: 看板(駅前等) | C27: ='1月'!D27 -> 0 | E27: =D27/C27 -> #DIV/0!
B28: ティッシュ | C28: ='1月'!D28 -> 0 | E28: =D28/C28 -> #DIV/0!
B29: 紹介 | C29: ='1月'!D29 -> 0 | E29: =D29/C29 -> #DIV/0!
B30: テレビ(CM) | C30: ='1月'!D30 -> 0 | E30: =D30/C30 -> #DIV/0!
B31: その他 | C31: ='1月'!D31 -> 0 | E31: =D31/C31 -> #DIV/0!
B32: 合計 | C32: =C20+C21+C22+C23+C24+C25+C26+C27+C28+C29+C30+C31 -> 0 | D32: =D20+D21+D22+D23+D24+D25+D26+D27+D28+D29+D30+D31 -> 0 | E32: =E20+E21+E22+E23+E24+E25+E26+E27+E28+E29+E30+E31 -> #DIV/0!
B34: 課題・改善案
B44: ピンク色のセルに数字のみ入力お願い致します。
B45: ※ピンク色のセル以外に入力すると計算式が壊れます※

Sheet 3月
A1: 加盟店数値管理表
B3: ='1月'!B3:E4 -> 〇〇店
B6: ='2月'!B6 -> 2026年
B7: 月 | C7: 2月 | D7: 3月 | E7: 前月比
B8: 総粗利額 | C8: ='2月'!D8 -> 0 | E8: =D8/C8 -> #DIV/0! | G8: 経費合計 | H8: =SUM(H9+H12+H13+H14+H15) -> 0
B9: 粗利率 | C9: =C8/C13 -> #DIV/0! | D9: =D8/D13 -> #DIV/0! | E9: =D9/C9 -> #DIV/0! | G9: 広告宣伝費
B10: 達成率 | C10: =C8/C11 -> #DIV/0! | D10: =D8/D11 -> #DIV/0! | E10: =D10/C10 -> #DIV/0! | G10: CPA | H10: =H9/D14 -> #DIV/0!
B11: 目標金額 | C11: ='2月'!D11 -> 0 | E11: － | G11: 折込部数
B12: 買取金額 | C12: ='2月'!D12 -> 0 | E12: =D12/C12 -> #DIV/0! | G12: 家賃
B13: 販売金額(売上) | C13: =C12+C8 -> 0 | D13: =D12+D8 -> 0 | E13: =D13/C13 -> #DIV/0! | G13: 人件費
B14: 総来店数 | C14: ='2月'!D14 -> 0 | E14: =D14/C14 -> #DIV/0! | G14: ロイヤリティ
B15: 成立数 | C15: ='2月'!D15 -> 0 | E15: =D15/C15 -> #DIV/0! | G15: 雑費(光熱費等)
B16: 成約率 | C16: =C15/C14 -> #DIV/0! | D16: =D15/D14 -> #DIV/0! | E16: =D16/C16 -> #DIV/0! | G16: 営業利益 | H16: =D8-H8 -> 0
B17: 粗利単価 | C17: =C8/C15 -> #DIV/0! | D17: =D8/D15 -> #DIV/0! | E17: =D17/C17 -> #DIV/0! | G17: 手残り目標
G18: 差額 | H18: =H16-H17 -> 0
B19: 来店動機 | C19: 成約人数(2月) | D19: 成約人数(3月) | E19: 前月比
B20: 折込チラシ | C20: ='2月'!D20 -> 0 | E20: =D20/C20 -> #DIV/0!
B21: ポスティング | C21: ='2月'!D21 -> 0 | E21: =D21/C21 -> #DIV/0!
B22: 新聞広告 | C22: ='2月'!D22 -> 0 | E22: =D22/C22 -> #DIV/0!
B23: HP(PC) | C23: ='2月'!D23 -> 0 | E23: =D23/C23 -> #DIV/0!
B24: HP(携帯) | C24: ='2月'!D24 -> 0 | E24: =D24/C24 -> #DIV/0!
B25: リピーター | C25: ='2月'!D25 -> 0 | E25: =D25/C25 -> #DIV/0!
B26: 看板(店頭) | C26: ='2月'!D26 -> 0 | E26: =D26/C26 -> #DIV/0!
B27: 看板(駅前等) | C27: ='2月'!D27 -> 0 | E27: =D27/C27 -> #DIV/0!
B28: ティッシュ | C28: ='2月'!D28 -> 0 | E28: =D28/C28 -> #DIV/0!
B29: 紹介 | C29: ='2月'!D29 -> 0 | E29: =D29/C29 -> #DIV/0!
B30: テレビ(CM) | C30: ='2月'!D30 -> 0 | E30: =D30/C30 -> #DIV/0!
B31: その他 | C31: ='2月'!D31 -> 0 | E31: =D31/C31 -> #DIV/0!
B32: 合計 | C32: =C20+C21+C22+C23+C24+C25+C26+C27+C28+C29+C30+C31 -> 0 | D32: =D20+D21+D22+D23+D24+D25+D26+D27+D28+D29+D30+D31 -> 0 | E32: =E20+E21+E22+E23+E24+E25+E26+E27+E28+E29+E30+E31 -> #DIV/0!
B34: 課題・改善案
B44: ピンク色のセルに数字のみ入力お願い致します。
B45: ※ピンク色のセル以外に入力すると計算式が壊れます※

Sheet 4月
A1: 加盟店数値管理表
B3: ='1月'!B3:E4 -> 〇〇店
B6: ='2月'!B6 -> 2026年
B7: 月 | C7: 3月 | D7: 4月 | E7: 前月比
B8: 総粗利額 | C8: ='3月'!D8 -> 0 | E8: =D8/C8 -> #DIV/0! | G8: 経費合計 | H8: =SUM(H9+H12+H13+H14+H15) -> 0
B9: 粗利率 | C9: =C8/C13 -> #DIV/0! | D9: =D8/D13 -> #DIV/0! | E9: =D9/C9 -> #DIV/0! | G9: 広告宣伝費
B10: 達成率 | C10: =C8/C11 -> #DIV/0! | D10: =D8/D11 -> #DIV/0! | E10: =D10/C10 -> #DIV/0! | G10: CPA | H10: =H9/D14 -> #DIV/0!
B11: 目標金額 | C11: ='3月'!D11 -> 0 | E11: － | G11: 折込部数
B12: 買取金額 | C12: ='3月'!D12 -> 0 | E12: =D12/C12 -> #DIV/0! | G12: 家賃
B13: 販売金額(売上) | C13: =C12+C8 -> 0 | D13: =D12+D8 -> 0 | E13: =D13/C13 -> #DIV/0! | G13: 人件費
B14: 総来店数 | C14: ='3月'!D14 -> 0 | E14: =D14/C14 -> #DIV/0! | G14: ロイヤリティ
B15: 成立数 | C15: ='3月'!D15 -> 0 | E15: =D15/C15 -> #DIV/0! | G15: 雑費(光熱費等)
B16: 成約率 | C16: =C15/C14 -> #DIV/0! | D16: =D15/D14 -> #DIV/0! | E16: =D16/C16 -> #DIV/0! | G16: 営業利益 | H16: =D8-H8 -> 0
B17: 粗利単価 | C17: =C8/C15 -> #DIV/0! | D17: =D8/D15 -> #DIV/0! | E17: =D17/C17 -> #DIV/0! | G17: 手残り目標
G18: 差額 | H18: =H16-H17 -> 0
B19: 来店動機 | C19: 成約人数(3月) | D19: 成約人数(4月) | E19: 前月比
B20: 折込チラシ | C20: ='3月'!D20 -> 0 | E20: =D20/C20 -> #DIV/0!
B21: ポスティング | C21: ='3月'!D21 -> 0 | E21: =D21/C21 -> #DIV/0!
B22: 新聞広告 | C22: ='3月'!D22 -> 0 | E22: =D22/C22 -> #DIV/0!
B23: HP(PC) | C23: ='3月'!D23 -> 0 | E23: =D23/C23 -> #DIV/0!
B24: HP(携帯) | C24: ='3月'!D24 -> 0 | E24: =D24/C24 -> #DIV/0!
B25: リピーター | C25: ='3月'!D25 -> 0 | E25: =D25/C25 -> #DIV/0!
B26: 看板(店頭) | C26: ='3月'!D26 -> 0 | E26: =D26/C26 -> #DIV/0!
B27: 看板(駅前等) | C27: ='3月'!D27 -> 0 | E27: =D27/C27 -> #DIV/0!
B28: ティッシュ | C28: ='3月'!D28 -> 0 | E28: =D28/C28 -> #DIV/0!
B29: 紹介 | C29: ='3月'!D29 -> 0 | E29: =D29/C29 -> #DIV/0!
B30: テレビ(CM) | C30: ='3月'!D30 -> 0 | E30: =D30/C30 -> #DIV/0!
B31: その他 | C31: ='3月'!D31 -> 0 | E31: =D31/C31 -> #DIV/0!
B32: 合計 | C32: =C20+C21+C22+C23+C24+C25+C26+C27+C28+C29+C30+C31 -> 0 | D32: =D20+D21+D22+D23+D24+D25+D26+D27+D28+D29+D30+D31 -> 0 | E32: =E20+E21+E22+E23+E24+E25+E26+E27+E28+E29+E30+E31 -> #DIV/0!
B34: 課題・改善案
B44: ピンク色のセルに数字のみ入力お願い致します。
B45: ※ピンク色のセル以外に入力すると計算式が壊れます※

Sheet 5月
A1: 加盟店数値管理表
B3: ='1月'!B3:E4 -> 〇〇店
B6: ='2月'!B6 -> 2026年
B7: 月 | C7: 4月 | D7: 5月 | E7: 前月比
B8: 総粗利額 | C8: ='4月'!D8 -> 0 | E8: =D8/C8 -> #DIV/0! | G8: 経費合計 | H8: =SUM(H9+H12+H13+H14+H15) -> 0
B9: 粗利率 | C9: =C8/C13 -> #DIV/0! | D9: =D8/D13 -> #DIV/0! | E9: =D9/C9 -> #DIV/0! | G9: 広告宣伝費
B10: 達成率 | C10: =C8/C11 -> #DIV/0! | D10: =D8/D11 -> #DIV/0! | E10: =D10/C10 -> #DIV/0! | G10: CPA | H10: =H9/D14 -> #DIV/0!
B11: 目標金額 | C11: ='4月'!D11 -> 0 | E11: － | G11: 折込部数
B12: 買取金額 | C12: ='4月'!D12 -> 0 | E12: =D12/C12 -> #DIV/0! | G12: 家賃
B13: 販売金額(売上) | C13: =C12+C8 -> 0 | D13: =D12+D8 -> 0 | E13: =D13/C13 -> #DIV/0! | G13: 人件費
B14: 総来店数 | C14: ='4月'!D14 -> 0 | E14: =D14/C14 -> #DIV/0! | G14: ロイヤリティ
B15: 成立数 | C15: ='4月'!D15 -> 0 | E15: =D15/C15 -> #DIV/0! | G15: 雑費(光熱費等)
B16: 成約率 | C16: =C15/C14 -> #DIV/0! | D16: =D15/D14 -> #DIV/0! | E16: =D16/C16 -> #DIV/0! | G16: 営業利益 | H16: =D8-H8 -> 0
B17: 粗利単価 | C17: =C8/C15 -> #DIV/0! | D17: =D8/D15 -> #DIV/0! | E17: =D17/C17 -> #DIV/0! | G17: 手残り目標
G18: 差額 | H18: =H16-H17 -> 0
B19: 来店動機 | C19: 成約人数(4月) | D19: 成約人数(5月) | E19: 前月比
B20: 折込チラシ | C20: ='4月'!D20 -> 0 | E20: =D20/C20 -> #DIV/0!
B21: ポスティング | C21: ='4月'!D21 -> 0 | E21: =D21/C21 -> #DIV/0!
B22: 新聞広告 | C22: ='4月'!D22 -> 0 | E22: =D22/C22 -> #DIV/0!
B23: HP(PC) | C23: ='4月'!D23 -> 0 | E23: =D23/C23 -> #DIV/0!
B24: HP(携帯) | C24: ='4月'!D24 -> 0 | E24: =D24/C24 -> #DIV/0!
B25: リピーター | C25: ='4月'!D25 -> 0 | E25: =D25/C25 -> #DIV/0!
B26: 看板(店頭) | C26: ='4月'!D26 -> 0 | E26: =D26/C26 -> #DIV/0!
B27: 看板(駅前等) | C27: ='4月'!D27 -> 0 | E27: =D27/C27 -> #DIV/0!
B28: ティッシュ | C28: ='4月'!D28 -> 0 | E28: =D28/C28 -> #DIV/0!
B29: 紹介 | C29: ='4月'!D29 -> 0 | E29: =D29/C29 -> #DIV/0!
B30: テレビ(CM) | C30: ='4月'!D30 -> 0 | E30: =D30/C30 -> #DIV/0!
B31: その他 | C31: ='4月'!D28 -> 0 | E31: =D31/C31 -> #DIV/0!
B32: 合計 | C32: =C20+C21+C22+C23+C24+C25+C26+C27+C28+C29+C30+C31 -> 0 | D32: =D20+D21+D22+D23+D24+D25+D26+D27+D28+D29+D30+D31 -> 0 | E32: =E20+E21+E22+E23+E24+E25+E26+E27+E28+E29+E30+E31 -> #DIV/0!
B34: 課題・改善案
B44: ピンク色のセルに数字のみ入力お願い致します。
B45: ※ピンク色のセル以外に入力すると計算式が壊れます※

Sheet 6月
A1: 加盟店数値管理表
B3: ='1月'!B3:E4 -> 〇〇店
B6: ='2月'!B6 -> 2026年
B7: 月 | C7: 5月 | D7: 6月 | E7: 前月比
B8: 総粗利額 | C8: ='5月'!D8 -> 0 | E8: =D8/C8 -> #DIV/0! | G8: 経費合計 | H8: =SUM(H9+H12+H13+H14+H15) -> 0
B9: 粗利率 | C9: =C8/C13 -> #DIV/0! | D9: =D8/D13 -> #DIV/0! | E9: =D9/C9 -> #DIV/0! | G9: 広告宣伝費
B10: 達成率 | C10: =C8/C11 -> #DIV/0! | D10: =D8/D11 -> #DIV/0! | E10: =D10/C10 -> #DIV/0! | G10: CPA | H10: =H9/D14 -> #DIV/0!
B11: 目標金額 | C11: ='5月'!D11 -> 0 | E11: － | G11: 折込部数
B12: 買取金額 | C12: ='5月'!D12 -> 0 | E12: =D12/C12 -> #DIV/0! | G12: 家賃
B13: 販売金額(売上) | C13: =C12+C8 -> 0 | D13: =D12+D8 -> 0 | E13: =D13/C13 -> #DIV/0! | G13: 人件費
B14: 総来店数 | C14: ='5月'!D14 -> 0 | E14: =D14/C14 -> #DIV/0! | G14: ロイヤリティ
B15: 成立数 | C15: ='5月'!D15 -> 0 | E15: =D15/C15 -> #DIV/0! | G15: 雑費(光熱費等)
B16: 成約率 | C16: =C15/C14 -> #DIV/0! | D16: =D15/D14 -> #DIV/0! | E16: =D16/C16 -> #DIV/0! | G16: 営業利益 | H16: =D8-H8 -> 0
B17: 粗利単価 | C17: =C8/C15 -> #DIV/0! | D17: =D8/D15 -> #DIV/0! | E17: =D17/C17 -> #DIV/0! | G17: 手残り目標
G18: 差額 | H18: =H16-H17 -> 0
B19: 来店動機 | C19: 成約人数(5月) | D19: 成約人数(6月) | E19: 前月比
B20: 折込チラシ | C20: ='5月'!D20 -> 0 | E20: =D20/C20 -> #DIV/0!
B21: ポスティング | C21: ='5月'!D21 -> 0 | E21: =D21/C21 -> #DIV/0!
B22: 新聞広告 | C22: ='5月'!D22 -> 0 | E22: =D22/C22 -> #DIV/0!
B23: HP(PC) | C23: ='5月'!D23 -> 0 | E23: =D23/C23 -> #DIV/0!
B24: HP(携帯) | C24: ='5月'!D24 -> 0 | E24: =D24/C24 -> #DIV/0!
B25: リピーター | C25: ='5月'!D25 -> 0 | E25: =D25/C25 -> #DIV/0!
B26: 看板(店頭) | C26: ='5月'!D26 -> 0 | E26: =D26/C26 -> #DIV/0!
B27: 看板(駅前等) | C27: ='5月'!D27 -> 0 | E27: =D27/C27 -> #DIV/0!
B28: ティッシュ | C28: ='5月'!D28 -> 0 | E28: =D28/C28 -> #DIV/0!
B29: 紹介 | C29: ='5月'!D29 -> 0 | E29: =D29/C29 -> #DIV/0!
B30: テレビ(CM) | C30: ='5月'!D30 -> 0 | E30: =D30/C30 -> #DIV/0!
B31: その他 | C31: ='5月'!D31 -> 0 | E31: =D31/C31 -> #DIV/0!
B32: 合計 | C32: =C20+C21+C22+C23+C24+C25+C26+C27+C28+C29+C30+C31 -> 0 | D32: =D20+D21+D22+D23+D24+D25+D26+D27+D28+D29+D30+D31 -> 0 | E32: =E20+E21+E22+E23+E24+E25+E26+E27+E28+E29+E30+E31 -> #DIV/0!
B34: 課題・改善案
B44: ピンク色のセルに数字のみ入力お願い致します。
B45: ※ピンク色のセル以外に入力すると計算式が壊れます※

Sheet 7月
A1: 加盟店数値管理表
B3: ='1月'!B3:E4 -> 〇〇店
B6: ='2月'!B6 -> 2026年
B7: 月 | C7: 6月 | D7: 7月 | E7: 前月比
B8: 総粗利額 | C8: ='6月'!D8 -> 0 | E8: =D8/C8 -> #DIV/0! | G8: 経費合計 | H8: =SUM(H9+H12+H13+H14+H15) -> 0
B9: 粗利率 | C9: =C8/C13 -> #DIV/0! | D9: =D8/D13 -> #DIV/0! | E9: =D9/C9 -> #DIV/0! | G9: 広告宣伝費
B10: 達成率 | C10: =C8/C11 -> #DIV/0! | D10: =D8/D11 -> #DIV/0! | E10: =D10/C10 -> #DIV/0! | G10: CPA | H10: =H9/D14 -> #DIV/0!
B11: 目標金額 | C11: ='6月'!D11 -> 0 | E11: － | G11: 折込部数
B12: 買取金額 | C12: ='6月'!D12 -> 0 | E12: =D12/C12 -> #DIV/0! | G12: 家賃
B13: 販売金額(売上) | C13: =C12+C8 -> 0 | D13: =D12+D8 -> 0 | E13: =D13/C13 -> #DIV/0! | G13: 人件費
B14: 総来店数 | C14: ='6月'!D14 -> 0 | E14: =D14/C14 -> #DIV/0! | G14: ロイヤリティ
B15: 成立数 | C15: ='6月'!D15 -> 0 | E15: =D15/C15 -> #DIV/0! | G15: 雑費(光熱費等)
B16: 成約率 | C16: =C15/C14 -> #DIV/0! | D16: =D15/D14 -> #DIV/0! | E16: =D16/C16 -> #DIV/0! | G16: 営業利益 | H16: =D8-H8 -> 0
B17: 粗利単価 | C17: =C8/C15 -> #DIV/0! | D17: =D8/D15 -> #DIV/0! | E17: =D17/C17 -> #DIV/0! | G17: 手残り目標
G18: 差額 | H18: =H16-H17 -> 0
B19: 来店動機 | C19: 成約人数(6月) | D19: 成約人数(7月) | E19: 前月比
B20: 折込チラシ | C20: ='6月'!D20 -> 0 | E20: =D20/C20 -> #DIV/0!
B21: ポスティング | C21: ='6月'!D21 -> 0 | E21: =D21/C21 -> #DIV/0!
B22: 新聞広告 | C22: ='6月'!D22 -> 0 | E22: =D22/C22 -> #DIV/0!
B23: HP(PC) | C23: ='6月'!D23 -> 0 | E23: =D23/C23 -> #DIV/0!
B24: HP(携帯) | C24: ='6月'!D24 -> 0 | E24: =D24/C24 -> #DIV/0!
B25: リピーター | C25: ='6月'!D25 -> 0 | E25: =D25/C25 -> #DIV/0!
B26: 看板(店頭) | C26: ='6月'!D26 -> 0 | E26: =D26/C26 -> #DIV/0!
B27: 看板(駅前等) | C27: ='6月'!D27 -> 0 | E27: =D27/C27 -> #DIV/0!
B28: ティッシュ | C28: ='6月'!D28 -> 0 | E28: =D28/C28 -> #DIV/0!
B29: 紹介 | C29: ='6月'!D29 -> 0 | E29: =D29/C29 -> #DIV/0!
B30: テレビ(CM) | C30: ='6月'!D30 -> 0 | E30: =D30/C30 -> #DIV/0!
B31: その他 | C31: ='6月'!D31 -> 0 | E31: =D31/C31 -> #DIV/0!
B32: 合計 | C32: =C20+C21+C22+C23+C24+C25+C26+C27+C28+C29+C30+C31 -> 0 | D32: =D20+D21+D22+D23+D24+D25+D26+D27+D28+D29+D30+D31 -> 0 | E32: =E20+E21+E22+E23+E24+E25+E26+E27+E28+E29+E30+E31 -> #DIV/0!
B34: 課題・改善案
B44: ピンク色のセルに数字のみ入力お願い致します。
B45: ※ピンク色のセル以外に入力すると計算式が壊れます※

Sheet 8月
A1: 加盟店数値管理表
B3: ='1月'!B3:E4 -> 〇〇店
B6: ='2月'!B6 -> 2026年
B7: 月 | C7: 7月 | D7: 8月 | E7: 前月比
B8: 総粗利額 | C8: ='7月'!D8 -> 0 | E8: =D8/C8 -> #DIV/0! | G8: 経費合計 | H8: =SUM(H9+H12+H13+H14+H15) -> 0
B9: 粗利率 | C9: =C8/C13 -> #DIV/0! | D9: =D8/D13 -> #DIV/0! | E9: =D9/C9 -> #DIV/0! | G9: 広告宣伝費
B10: 達成率 | C10: =C8/C11 -> #DIV/0! | D10: =D8/D11 -> #DIV/0! | E10: =D10/C10 -> #DIV/0! | G10: CPA | H10: =H9/D14 -> #DIV/0!
B11: 目標金額 | C11: ='7月'!D11 -> 0 | E11: － | G11: 折込部数
B12: 買取金額 | C12: ='7月'!D12 -> 0 | E12: =D12/C12 -> #DIV/0! | G12: 家賃
B13: 販売金額(売上) | C13: =C12+C8 -> 0 | D13: =D12+D8 -> 0 | E13: =D13/C13 -> #DIV/0! | G13: 人件費
B14: 総来店数 | C14: ='7月'!D14 -> 0 | E14: =D14/C14 -> #DIV/0! | G14: ロイヤリティ
B15: 成立数 | C15: ='7月'!D15 -> 0 | E15: =D15/C15 -> #DIV/0! | G15: 雑費(光熱費等)
B16: 成約率 | C16: =C15/C14 -> #DIV/0! | D16: =D15/D14 -> #DIV/0! | E16: =D16/C16 -> #DIV/0! | G16: 営業利益 | H16: =D8-H8 -> 0
B17: 粗利単価 | C17: =C8/C15 -> #DIV/0! | D17: =D8/D15 -> #DIV/0! | E17: =D17/C17 -> #DIV/0! | G17: 手残り目標
G18: 差額 | H18: =H16-H17 -> 0
B19: 来店動機 | C19: 成約人数(7月) | D19: 成約人数(8月) | E19: 前月比
B20: 折込チラシ | C20: ='7月'!D20 -> 0 | E20: =D20/C20 -> #DIV/0!
B21: ポスティング | C21: ='7月'!D21 -> 0 | E21: =D21/C21 -> #DIV/0!
B22: 新聞広告 | C22: ='7月'!D22 -> 0 | E22: =D22/C22 -> #DIV/0!
B23: HP(PC) | C23: ='7月'!D23 -> 0 | E23: =D23/C23 -> #DIV/0!
B24: HP(携帯) | C24: ='7月'!D24 -> 0 | E24: =D24/C24 -> #DIV/0!
B25: リピーター | C25: ='7月'!D25 -> 0 | E25: =D25/C25 -> #DIV/0!
B26: 看板(店頭) | C26: ='7月'!D26 -> 0 | E26: =D26/C26 -> #DIV/0!
B27: 看板(駅前等) | C27: ='7月'!D27 -> 0 | E27: =D27/C27 -> #DIV/0!
B28: ティッシュ | C28: ='7月'!D28 -> 0 | E28: =D28/C28 -> #DIV/0!
B29: 紹介 | C29: ='7月'!D29 -> 0 | E29: =D29/C29 -> #DIV/0!
B30: テレビ(CM) | C30: ='7月'!D30 -> 0 | E30: =D30/C30 -> #DIV/0!
B31: その他 | C31: ='7月'!D31 -> 0 | E31: =D31/C31 -> #DIV/0!
B32: 合計 | C32: =C20+C21+C22+C23+C24+C25+C26+C27+C28+C29+C30+C31 -> 0 | D32: =D20+D21+D22+D23+D24+D25+D26+D27+D28+D29+D30+D31 -> 0 | E32: =E20+E21+E22+E23+E24+E25+E26+E27+E28+E29+E30+E31 -> #DIV/0!
B34: 課題・改善案
B44: ピンク色のセルに数字のみ入力お願い致します。
B45: ※ピンク色のセル以外に入力すると計算式が壊れます※

Sheet 9月
A1: 加盟店数値管理表
B3: ='1月'!B3:E4 -> 〇〇店
B6: ='2月'!B6 -> 2026年
B7: 月 | C7: 8月 | D7: 9月 | E7: 前月比
B8: 総粗利額 | C8: ='8月'!D8 -> 0 | E8: =D8/C8 -> #DIV/0! | G8: 経費合計 | H8: =SUM(H9+H12+H13+H14+H15) -> 0
B9: 粗利率 | C9: =C8/C13 -> #DIV/0! | D9: =D8/D13 -> #DIV/0! | E9: =D9/C9 -> #DIV/0! | G9: 広告宣伝費
B10: 達成率 | C10: =C8/C11 -> #DIV/0! | D10: =D8/D11 -> #DIV/0! | E10: =D10/C10 -> #DIV/0! | G10: CPA | H10: =H9/D14 -> #DIV/0!
B11: 目標金額 | C11: ='8月'!D11 -> 0 | E11: － | G11: 折込部数
B12: 買取金額 | C12: ='8月'!D12 -> 0 | E12: =D12/C12 -> #DIV/0! | G12: 家賃
B13: 販売金額(売上) | C13: =C12+C8 -> 0 | D13: =D12+D8 -> 0 | E13: =D13/C13 -> #DIV/0! | G13: 人件費
B14: 総来店数 | C14: ='8月'!D14 -> 0 | E14: =D14/C14 -> #DIV/0! | G14: ロイヤリティ
B15: 成立数 | C15: ='8月'!D15 -> 0 | E15: =D15/C15 -> #DIV/0! | G15: 雑費(光熱費等)
B16: 成約率 | C16: =C15/C14 -> #DIV/0! | D16: =D15/D14 -> #DIV/0! | E16: =D16/C16 -> #DIV/0! | G16: 営業利益 | H16: =D8-H8 -> 0
B17: 粗利単価 | C17: =C8/C15 -> #DIV/0! | D17: =D8/D15 -> #DIV/0! | E17: =D17/C17 -> #DIV/0! | G17: 手残り目標
G18: 差額 | H18: =H16-H17 -> 0
B19: 来店動機 | C19: 成約人数(8月) | D19: 成約人数(9月) | E19: 前月比
B20: 折込チラシ | C20: ='8月'!D20 -> 0 | E20: =D20/C20 -> #DIV/0!
B21: ポスティング | C21: ='8月'!D21 -> 0 | E21: =D21/C21 -> #DIV/0!
B22: 新聞広告 | C22: ='8月'!D22 -> 0 | E22: =D22/C22 -> #DIV/0!
B23: HP(PC) | C23: ='8月'!D23 -> 0 | E23: =D23/C23 -> #DIV/0!
B24: HP(携帯) | C24: ='8月'!D24 -> 0 | E24: =D24/C24 -> #DIV/0!
B25: リピーター | C25: ='8月'!D25 -> 0 | E25: =D25/C25 -> #DIV/0!
B26: 看板(店頭) | C26: ='8月'!D26 -> 0 | E26: =D26/C26 -> #DIV/0!
B27: 看板(駅前等) | C27: ='8月'!D27 -> 0 | E27: =D27/C27 -> #DIV/0!
B28: ティッシュ | C28: ='8月'!D28 -> 0 | E28: =D28/C28 -> #DIV/0!
B29: 紹介 | C29: ='8月'!D29 -> 0 | E29: =D29/C29 -> #DIV/0!
B30: テレビ(CM) | C30: ='8月'!D30 -> 0 | E30: =D30/C30 -> #DIV/0!
B31: その他 | C31: ='8月'!D31 -> 0 | E31: =D31/C31 -> #DIV/0!
B32: 合計 | C32: =C20+C21+C22+C23+C24+C25+C26+C27+C28+C29+C30+C31 -> 0 | D32: =D20+D21+D22+D23+D24+D25+D26+D27+D28+D29+D30+D31 -> 0 | E32: =E20+E21+E22+E23+E24+E25+E26+E27+E28+E29+E30+E31 -> #DIV/0!
B34: 課題・改善案
B44: ピンク色のセルに数字のみ入力お願い致します。
B45: ※ピンク色のセル以外に入力すると計算式が壊れます※

Sheet 10月
A1: 加盟店数値管理表
B3: ='1月'!B3:E4 -> 〇〇店
B6: ='2月'!B6 -> 2026年
B7: 月 | C7: 9月 | D7: 10月 | E7: 前月比
B8: 総粗利額 | C8: ='9月'!D8 -> 0 | E8: =D8/C8 -> #DIV/0! | G8: 経費合計 | H8: =SUM(H9+H12+H13+H14+H15) -> 0
B9: 粗利率 | C9: =C8/C13 -> #DIV/0! | D9: =D8/D13 -> #DIV/0! | E9: =D9/C9 -> #DIV/0! | G9: 広告宣伝費
B10: 達成率 | C10: =C8/C11 -> #DIV/0! | D10: =D8/D11 -> #DIV/0! | E10: =D10/C10 -> #DIV/0! | G10: CPA | H10: =H9/D14 -> #DIV/0!
B11: 目標金額 | C11: ='9月'!D11 -> 0 | E11: － | G11: 折込部数
B12: 買取金額 | C12: ='9月'!D12 -> 0 | E12: =D12/C12 -> #DIV/0! | G12: 家賃
B13: 販売金額(売上) | C13: =C12+C8 -> 0 | D13: =D12+D8 -> 0 | E13: =D13/C13 -> #DIV/0! | G13: 人件費
B14: 総来店数 | C14: ='9月'!D14 -> 0 | E14: =D14/C14 -> #DIV/0! | G14: ロイヤリティ
B15: 成立数 | C15: ='9月'!D15 -> 0 | E15: =D15/C15 -> #DIV/0! | G15: 雑費(光熱費等)
B16: 成約率 | C16: =C15/C14 -> #DIV/0! | D16: =D15/D14 -> #DIV/0! | E16: =D16/C16 -> #DIV/0! | G16: 営業利益 | H16: =D8-H8 -> 0
B17: 粗利単価 | C17: =C8/C15 -> #DIV/0! | D17: =D8/D15 -> #DIV/0! | E17: =D17/C17 -> #DIV/0! | G17: 手残り目標
G18: 差額 | H18: =H16-H17 -> 0
B19: 来店動機 | C19: 成約人数(9月) | D19: 成約人数(10月) | E19: 前月比
B20: 折込チラシ | C20: ='9月'!D20 -> 0 | E20: =D20/C20 -> #DIV/0!
B21: ポスティング | C21: ='9月'!D21 -> 0 | E21: =D21/C21 -> #DIV/0!
B22: 新聞広告 | C22: ='9月'!D22 -> 0 | E22: =D22/C22 -> #DIV/0!
B23: HP(PC) | C23: ='9月'!D23 -> 0 | E23: =D23/C23 -> #DIV/0!
B24: HP(携帯) | C24: ='9月'!D24 -> 0 | E24: =D24/C24 -> #DIV/0!
B25: リピーター | C25: ='9月'!D25 -> 0 | E25: =D25/C25 -> #DIV/0!
B26: 看板(店頭) | C26: ='9月'!D26 -> 0 | E26: =D26/C26 -> #DIV/0!
B27: 看板(駅前等) | C27: ='9月'!D27 -> 0 | E27: =D27/C27 -> #DIV/0!
B28: ティッシュ | C28: ='9月'!D28 -> 0 | E28: =D28/C28 -> #DIV/0!
B29: 紹介 | C29: ='9月'!D29 -> 0 | E29: =D29/C29 -> #DIV/0!
B30: テレビ(CM) | C30: ='9月'!D30 -> 0 | E30: =D30/C30 -> #DIV/0!
B31: その他 | C31: ='9月'!D31 -> 0 | E31: =D31/C31 -> #DIV/0!
B32: 合計 | C32: =C20+C21+C22+C23+C24+C25+C26+C27+C28+C29+C30+C31 -> 0 | D32: =D20+D21+D22+D23+D24+D25+D26+D27+D28+D29+D30+D31 -> 0 | E32: =E20+E21+E22+E23+E24+E25+E26+E27+E28+E29+E30+E31 -> #DIV/0!
B34: 課題・改善案
B44: ピンク色のセルに数字のみ入力お願い致します。
B45: ※ピンク色のセル以外に入力すると計算式が壊れます※

Sheet 11月
A1: 加盟店数値管理表
B3: ='1月'!B3:E4 -> 〇〇店
B6: ='2月'!B6 -> 2026年
B7: 月 | C7: 10月 | D7: 11月 | E7: 前月比
B8: 総粗利額 | C8: ='10月'!D8 -> 0 | E8: =D8/C8 -> #DIV/0! | G8: 経費合計 | H8: =SUM(H9+H12+H13+H14+H15) -> 0
B9: 粗利率 | C9: =C8/C13 -> #DIV/0! | D9: =D8/D13 -> #DIV/0! | E9: =D9/C9 -> #DIV/0! | G9: 広告宣伝費
B10: 達成率 | C10: =C8/C11 -> #DIV/0! | D10: =D8/D11 -> #DIV/0! | E10: =D10/C10 -> #DIV/0! | G10: CPA | H10: =H9/D14 -> #DIV/0!
B11: 目標金額 | C11: ='10月'!D11 -> 0 | E11: － | G11: 折込部数
B12: 買取金額 | C12: ='10月'!D12 -> 0 | E12: =D12/C12 -> #DIV/0! | G12: 家賃
B13: 販売金額(売上) | C13: =C12+C8 -> 0 | D13: =D12+D8 -> 0 | E13: =D13/C13 -> #DIV/0! | G13: 人件費
B14: 総来店数 | C14: ='10月'!D14 -> 0 | E14: =D14/C14 -> #DIV/0! | G14: ロイヤリティ
B15: 成立数 | C15: ='10月'!D15 -> 0 | E15: =D15/C15 -> #DIV/0! | G15: 雑費(光熱費等)
B16: 成約率 | C16: =C15/C14 -> #DIV/0! | D16: =D15/D14 -> #DIV/0! | E16: =D16/C16 -> #DIV/0! | G16: 営業利益 | H16: =D8-H8 -> 0
B17: 粗利単価 | C17: =C8/C15 -> #DIV/0! | D17: =D8/D15 -> #DIV/0! | E17: =D17/C17 -> #DIV/0! | G17: 手残り目標
G18: 差額 | H18: =H16-H17 -> 0
B19: 来店動機 | C19: 成約人数(10月) | D19: 成約人数(11月) | E19: 前月比
B20: 折込チラシ | C20: ='10月'!D20 -> 0 | E20: =D20/C20 -> #DIV/0!
B21: ポスティング | C21: ='10月'!D21 -> 0 | E21: =D21/C21 -> #DIV/0!
B22: 新聞広告 | C22: ='10月'!D22 -> 0 | E22: =D22/C22 -> #DIV/0!
B23: HP(PC) | C23: ='10月'!D23 -> 0 | E23: =D23/C23 -> #DIV/0!
B24: HP(携帯) | C24: ='10月'!D24 -> 0 | E24: =D24/C24 -> #DIV/0!
B25: リピーター | C25: ='10月'!D25 -> 0 | E25: =D25/C25 -> #DIV/0!
B26: 看板(店頭) | C26: ='10月'!D26 -> 0 | E26: =D26/C26 -> #DIV/0!
B27: 看板(駅前等) | C27: ='10月'!D27 -> 0 | E27: =D27/C27 -> #DIV/0!
B28: ティッシュ | C28: ='10月'!D28 -> 0 | E28: =D28/C28 -> #DIV/0!
B29: 紹介 | C29: ='10月'!D29 -> 0 | E29: =D29/C29 -> #DIV/0!
B30: テレビ(CM) | C30: ='10月'!D30 -> 0 | E30: =D30/C30 -> #DIV/0!
B31: その他 | C31: ='10月'!D31 -> 0 | E31: =D31/C31 -> #DIV/0!
B32: 合計 | C32: =C20+C21+C22+C23+C24+C25+C26+C27+C28+C29+C30+C31 -> 0 | D32: =D20+D21+D22+D23+D24+D25+D26+D27+D28+D29+D30+D31 -> 0 | E32: =E20+E21+E22+E23+E24+E25+E26+E27+E28+E29+E30+E31 -> #DIV/0!
B34: 課題・改善案
B44: ピンク色のセルに数字のみ入力お願い致します。
B45: ※ピンク色のセル以外に入力すると計算式が壊れます※

Sheet 12月
A1: 加盟店数値管理表
B3: ='1月'!B3:E4 -> 〇〇店
B6: ='2月'!B6 -> 2026年
B7: 月 | C7: 11月 | D7: 12月 | E7: 前月比
B8: 総粗利額 | C8: ='11月'!D8 -> 0 | E8: =D8/C8 -> #DIV/0! | G8: 経費合計 | H8: =SUM(H9+H12+H13+H14+H15) -> 0
B9: 粗利率 | C9: =C8/C13 -> #DIV/0! | D9: =D8/D13 -> #DIV/0! | E9: =D9/C9 -> #DIV/0! | G9: 広告宣伝費
B10: 達成率 | C10: =C8/C11 -> #DIV/0! | D10: =D8/D11 -> #DIV/0! | E10: =D10/C10 -> #DIV/0! | G10: CPA | H10: =H9/D14 -> #DIV/0!
B11: 目標金額 | C11: ='11月'!D11 -> 0 | E11: － | G11: 折込部数
B12: 買取金額 | C12: ='11月'!D12 -> 0 | E12: =D12/C12 -> #DIV/0! | G12: 家賃
B13: 販売金額(売上) | C13: =C12+C8 -> 0 | D13: =D12+D8 -> 0 | E13: =D13/C13 -> #DIV/0! | G13: 人件費
B14: 総来店数 | C14: ='11月'!D14 -> 0 | E14: =D14/C14 -> #DIV/0! | G14: ロイヤリティ
B15: 成立数 | C15: ='11月'!D15 -> 0 | E15: =D15/C15 -> #DIV/0! | G15: 雑費(光熱費等)
B16: 成約率 | C16: =C15/C14 -> #DIV/0! | D16: =D15/D14 -> #DIV/0! | E16: =D16/C16 -> #DIV/0! | G16: 営業利益 | H16: =D8-H8 -> 0
B17: 粗利単価 | C17: =C8/C15 -> #DIV/0! | D17: =D8/D15 -> #DIV/0! | E17: =D17/C17 -> #DIV/0! | G17: 手残り目標
G18: 差額 | H18: =H16-H17 -> 0
B19: 来店動機 | C19: 成約人数(11月) | D19: 成約人数(12月) | E19: 前月比
B20: 折込チラシ | C20: ='11月'!D20 -> 0 | E20: =D20/C20 -> #DIV/0!
B21: ポスティング | C21: ='11月'!D21 -> 0 | E21: =D21/C21 -> #DIV/0!
B22: 新聞広告 | C22: ='11月'!D22 -> 0 | E22: =D22/C22 -> #DIV/0!
B23: HP(PC) | C23: ='11月'!D23 -> 0 | E23: =D23/C23 -> #DIV/0!
B24: HP(携帯) | C24: ='11月'!D24 -> 0 | E24: =D24/C24 -> #DIV/0!
B25: リピーター | C25: ='11月'!D25 -> 0 | E25: =D25/C25 -> #DIV/0!
B26: 看板(店頭) | C26: ='11月'!D26 -> 0 | E26: =D26/C26 -> #DIV/0!
B27: 看板(駅前等) | C27: ='11月'!D27 -> 0 | E27: =D27/C27 -> #DIV/0!
B28: ティッシュ | C28: ='11月'!D28 -> 0 | E28: =D28/C28 -> #DIV/0!
B29: 紹介 | C29: ='11月'!D29 -> 0 | E29: =D29/C29 -> #DIV/0!
B30: テレビ(CM) | C30: ='11月'!D30 -> 0 | E30: =D30/C30 -> #DIV/0!
B31: その他 | C31: ='11月'!D31 -> 0 | E31: =D31/C31 -> #DIV/0!
B32: 合計 | C32: =C20+C21+C22+C23+C24+C25+C26+C27+C28+C29+C30+C31 -> 0 | D32: =D20+D21+D22+D23+D24+D25+D26+D27+D28+D29+D30+D31 -> 0 | E32: =E20+E21+E22+E23+E24+E25+E26+E27+E28+E29+E30+E31 -> #DIV/0!
B34: 課題・改善案
B44: ピンク色のセルに数字のみ入力お願い致します。
B45: ※ピンク色のセル以外に入力すると計算式が壊れます※

Sheet 年間推移
B2: 2026年 | D2: ='1月'!B3 -> 〇〇店
C3: 1月 | D3: 2月 | E3: 3月 | F3: 4月 | G3: 5月 | H3: 6月 | I3: 7月 | J3: 8月 | K3: 9月 | L3: 10月 | M3: 11月 | N3: 12月 | O3: 合計
B4: 総粗利額 | C4: ='1月'!$D$8 -> 0 | D4: ='2月'!$D$8 -> 0 | E4: ='3月'!$D$8 -> 0 | F4: ='4月'!$D$8 -> 0 | G4: ='5月'!$D$8 -> 0 | H4: ='6月'!$D$8 -> 0 | I4: ='7月'!$D$8 -> 0 | J4: ='8月'!$D$8 -> 0 | K4: ='9月'!$D$8 -> 0 | L4: ='10月'!$D$8 -> 0 | M4: ='11月'!$D$8 -> 0 | N4: ='12月'!$D$8 -> 0 | O4: =SUM(C4:N4) -> 0
B5: 粗利率 | C5: ='1月'!$D$9 -> #DIV/0! | D5: ='2月'!$D$9 -> #DIV/0! | E5: ='3月'!$D$9 -> #DIV/0! | F5: ='4月'!$D$9 -> #DIV/0! | G5: ='5月'!$D$9 -> #DIV/0! | H5: ='6月'!$D$9 -> #DIV/0! | I5: ='7月'!$D$9 -> #DIV/0! | J5: ='8月'!$D$9 -> #DIV/0! | K5: ='9月'!$D$9 -> #DIV/0! | L5: ='10月'!$D$9 -> #DIV/0! | M5: ='11月'!$D$9 -> #DIV/0! | N5: ='12月'!$D$9 -> #DIV/0! | O5: =O4/O7 -> #DIV/0!
B6: 買取金額 | C6: ='1月'!$D$12 -> 0 | D6: ='2月'!$D$12 -> 0 | E6: ='3月'!$D$12 -> 0 | F6: ='4月'!$D$12 -> 0 | G6: ='5月'!$D$12 -> 0 | H6: ='6月'!$D$12 -> 0 | I6: ='7月'!$D$12 -> 0 | J6: ='8月'!$D$12 -> 0 | K6: ='9月'!$D$12 -> 0 | L6: ='10月'!$D$12 -> 0 | M6: ='11月'!$D$12 -> 0 | N6: ='12月'!$D$12 -> 0 | O6: =SUM(C6:N6) -> 0
B7: 販売金額(売上) | C7: ='1月'!$D$13 -> 0 | D7: ='2月'!$D$13 -> 0 | E7: ='3月'!$D$13 -> 0 | F7: ='4月'!$D$13 -> 0 | G7: ='5月'!$D$13 -> 0 | H7: ='6月'!$D$13 -> 0 | I7: ='7月'!$D$13 -> 0 | J7: ='8月'!$D$13 -> 0 | K7: ='9月'!$D$13 -> 0 | L7: ='10月'!$D$13 -> 0 | M7: ='11月'!$D$13 -> 0 | N7: ='12月'!$D$13 -> 0 | O7: =SUM(C7:N7) -> 0
B8: 総来店数 | C8: ='1月'!$D$14 -> 0 | D8: ='2月'!$D$14 -> 0 | E8: ='3月'!$D$14 -> 0 | F8: ='4月'!$D$14 -> 0 | G8: ='5月'!$D$14 -> 0 | H8: ='6月'!$D$14 -> 0 | I8: ='7月'!$D$14 -> 0 | J8: ='8月'!$D$14 -> 0 | K8: ='9月'!$D$14 -> 0 | L8: ='10月'!$D$14 -> 0 | M8: ='11月'!$D$14 -> 0 | N8: ='12月'!$D$14 -> 0 | O8: =SUM(C8:N8) -> 0
B9: 成立 | C9: ='1月'!$D$15 -> 0 | D9: ='2月'!$D$15 -> 0 | E9: ='3月'!$D$15 -> 0 | F9: ='4月'!$D$15 -> 0 | G9: ='5月'!$D$15 -> 0 | H9: ='6月'!$D$15 -> 0 | I9: ='7月'!$D$15 -> 0 | J9: ='8月'!$D$15 -> 0 | K9: ='9月'!$D$15 -> 0 | L9: ='10月'!$D$15 -> 0 | M9: ='11月'!$D$15 -> 0 | N9: ='12月'!$D$15 -> 0 | O9: =SUM(C9:N9) -> 0
B10: 成約率 | C10: ='1月'!$D$16 -> #DIV/0! | D10: ='2月'!$D$16 -> #DIV/0! | E10: ='3月'!$D$16 -> #DIV/0! | F10: ='4月'!$D$16 -> #DIV/0! | G10: ='5月'!$D$16 -> #DIV/0! | H10: ='6月'!$D$16 -> #DIV/0! | I10: ='7月'!$D$16 -> #DIV/0! | J10: ='8月'!$D$16 -> #DIV/0! | K10: ='9月'!$D$16 -> #DIV/0! | L10: ='10月'!$D$16 -> #DIV/0! | M10: ='11月'!$D$16 -> #DIV/0! | N10: ='12月'!$D$16 -> #DIV/0! | O10: =O9/O8 -> #DIV/0!
B11: 粗利単価 | C11: ='1月'!$D$17 -> #DIV/0! | D11: ='2月'!$D$17 -> #DIV/0! | E11: ='3月'!$D$17 -> #DIV/0! | F11: ='4月'!$D$17 -> #DIV/0! | G11: ='5月'!$D$17 -> #DIV/0! | H11: ='6月'!$D$17 -> #DIV/0! | I11: ='7月'!$D$17 -> #DIV/0! | J11: ='8月'!$D$17 -> #DIV/0! | K11: ='9月'!$D$17 -> #DIV/0! | L11: ='10月'!$D$17 -> #DIV/0! | M11: ='11月'!$D$17 -> #DIV/0! | N11: ='12月'!$D$17 -> #DIV/0! | O11: =O4/O9 -> #DIV/0!
B12: 経費合計 | C12: ='1月'!$H$8 -> 0 | D12: ='2月'!$H$8 -> 0 | E12: ='3月'!$H$8 -> 0 | F12: ='4月'!$H$8 -> 0 | G12: ='5月'!$H$8 -> 0 | H12: ='6月'!$H$8 -> 0 | I12: ='7月'!$H$8 -> 0 | J12: ='8月'!$H$8 -> 0 | K12: ='9月'!$H$8 -> 0 | L12: ='10月'!$H$8 -> 0 | M12: ='11月'!$H$8 -> 0 | N12: ='12月'!$H$8 -> 0 | O12: =SUM(C12:N12) -> 0
B13: 広告宣伝費 | C13: ='1月'!$H$9 -> 0 | D13: ='2月'!$H$9 -> 0 | E13: ='3月'!$H$9 -> 0 | F13: ='4月'!$H$9 -> 0 | G13: ='5月'!$H$9 -> 0 | H13: ='6月'!$H$9 -> 0 | I13: ='7月'!$H$9 -> 0 | J13: ='8月'!$H$9 -> 0 | K13: ='9月'!$H$9 -> 0 | L13: ='10月'!$H$9 -> 0 | M13: ='11月'!$H$9 -> 0 | N13: ='12月'!$H$9 -> 0 | O13: =SUM(C13:N13) -> 0
B14: CPA | C14: ='1月'!$H$10 -> #DIV/0! | D14: ='2月'!$H$10 -> #DIV/0! | E14: ='3月'!$H$10 -> #DIV/0! | F14: ='4月'!$H$10 -> #DIV/0! | G14: ='5月'!$H$10 -> #DIV/0! | H14: ='6月'!$H$10 -> #DIV/0! | I14: ='7月'!$H$10 -> #DIV/0! | J14: ='8月'!$H$10 -> #DIV/0! | K14: ='9月'!$H$10 -> #DIV/0! | L14: ='10月'!$H$10 -> #DIV/0! | M14: ='11月'!$H$10 -> #DIV/0! | N14: ='12月'!$H$10 -> #DIV/0! | O14: =O13/O8 -> #DIV/0!
B15: 折込部数 | C15: ='1月'!$H$11 -> 0 | D15: ='2月'!$H$11 -> 0 | E15: ='3月'!$H$11 -> 0 | F15: ='4月'!$H$11 -> 0 | G15: ='5月'!$H$11 -> 0 | H15: ='6月'!$H$11 -> 0 | I15: ='7月'!$H$11 -> 0 | J15: ='8月'!$H$11 -> 0 | K15: ='9月'!$H$11 -> 0 | L15: ='10月'!$H$11 -> 0 | M15: ='11月'!$H$11 -> 0 | N15: ='12月'!$H$11 -> 0 | O15: =SUM(C15:N15) -> 0
B16: 家賃 | C16: ='1月'!$H$12 -> 0 | D16: ='2月'!$H$12 -> 0 | E16: ='3月'!$H$12 -> 0 | F16: ='4月'!$H$12 -> 0 | G16: ='5月'!$H$12 -> 0 | H16: ='6月'!$H$12 -> 0 | I16: ='7月'!$H$12 -> 0 | J16: ='8月'!$H$12 -> 0 | K16: ='9月'!$H$12 -> 0 | L16: ='10月'!$H$12 -> 0 | M16: ='11月'!$H$12 -> 0 | N16: ='12月'!$H$12 -> 0 | O16: =SUM(C16:N16) -> 0
B17: 人件費 | C17: ='1月'!$H$13 -> 0 | D17: ='2月'!$H$13 -> 0 | E17: ='3月'!$H$13 -> 0 | F17: ='4月'!$H$13 -> 0 | G17: ='5月'!$H$13 -> 0 | H17: ='6月'!$H$13 -> 0 | I17: ='7月'!$H$13 -> 0 | J17: ='8月'!$H$13 -> 0 | K17: ='9月'!$H$13 -> 0 | L17: ='10月'!$H$13 -> 0 | M17: ='11月'!$H$13 -> 0 | N17: ='12月'!$H$13 -> 0 | O17: =SUM(C17:N17) -> 0
B18: ロイヤリティ | C18: ='1月'!$H$14 -> 0 | D18: ='2月'!$H$14 -> 0 | E18: ='3月'!$H$14 -> 0 | F18: ='4月'!$H$14 -> 0 | G18: ='5月'!$H$14 -> 0 | H18: ='6月'!$H$14 -> 0 | I18: ='7月'!$H$14 -> 0 | J18: ='8月'!$H$14 -> 0 | K18: ='9月'!$H$14 -> 0 | L18: ='10月'!$H$14 -> 0 | M18: ='11月'!$H$14 -> 0 | N18: ='12月'!$H$14 -> 0 | O18: =SUM(C18:N18) -> 0
B19: 雑費(光熱費等) | C19: ='1月'!$H$15 -> 0 | D19: ='2月'!$H$15 -> 0 | E19: ='3月'!$H$15 -> 0 | F19: ='4月'!$H$15 -> 0 | G19: ='5月'!$H$15 -> 0 | H19: ='6月'!$H$15 -> 0 | I19: ='7月'!$H$15 -> 0 | J19: ='8月'!$H$15 -> 0 | K19: ='9月'!$H$15 -> 0 | L19: ='10月'!$H$15 -> 0 | M19: ='11月'!$H$15 -> 0 | N19: ='12月'!$H$15 -> 0 | O19: =SUM(C19:N19) -> 0
B20: 営業利益 | C20: ='1月'!$H$16 -> 0 | D20: ='2月'!$H$16 -> 0 | E20: ='3月'!$H$16 -> 0 | F20: ='4月'!$H$16 -> 0 | G20: ='5月'!$H$16 -> 0 | H20: ='6月'!$H$16 -> 0 | I20: ='7月'!$H$16 -> 0 | J20: ='8月'!$H$16 -> 0 | K20: ='9月'!$H$16 -> 0 | L20: ='10月'!$H$16 -> 0 | M20: ='11月'!$H$16 -> 0 | N20: ='12月'!$H$16 -> 0 | O20: =SUM(C20:N20) -> 0
B21: 手残り目標 | C21: ='1月'!$H$17 -> 0 | D21: ='2月'!$H$17 -> 0 | E21: ='3月'!$H$17 -> 0 | F21: ='4月'!$H$17 -> 0 | G21: ='5月'!$H$17 -> 0 | H21: ='6月'!$H$17 -> 0 | I21: ='7月'!$H$17 -> 0 | J21: ='8月'!$H$17 -> 0 | K21: ='9月'!$H$17 -> 0 | L21: ='10月'!$H$17 -> 0 | M21: ='11月'!$H$17 -> 0 | N21: ='12月'!$H$17 -> 0 | O21: =SUM(C21:N21) -> 0
B22: 差額 | C22: ='1月'!$H$18 -> 0 | D22: ='2月'!$H$18 -> 0 | E22: ='3月'!$H$18 -> 0 | F22: ='4月'!$H$18 -> 0 | G22: ='5月'!$H$18 -> 0 | H22: ='6月'!$H$18 -> 0 | I22: ='7月'!$H$18 -> 0 | J22: ='8月'!$H$18 -> 0 | K22: ='9月'!$H$18 -> 0 | L22: ='10月'!$H$18 -> 0 | M22: ='11月'!$H$18 -> 0 | N22: ='12月'!$H$18 -> 0 | O22: =SUM(C22:N22) -> 0
